 Dungeon Crawl Stone Soup version 0.31.0-9-g3a7656b989 (webtiles) character file.

Game seed: 1408149756615098880

63 qw the Shooter (level 3, -3/20 HPs)
             Began as a Deep Elf Hunter on Feb 2, 2024.
             Killed from afar by Natasha (5 damage)
             ... with a magic dart
             ... on level 3 of the Dungeon.
             The game lasted 00:00:05 (1177 turns).

qw the Shooter (Deep Elf Hunter)                    Turns: 1177, Time: 00:00:05

Health: -3/20      AC:  6    Str: 10    XL:     3   Next: 89%
Magic:  5/5        EV: 11    Int: 13    God:
Gold:   89         SH:  0    Dex: 18    Spells: 2/2 levels left

rFire   . . .        k - +0 arbalest
rCold   . . .        (shield currently unavailable)
rNeg    . . .        b - +0 ring mail
rPois   .            (no helmet)
rElec   .            (no cloak)
rCorr   .            d - +0 pair of gloves
SInv    +            (no boots)
Will    .....        (no amulet)
Stlth   +            i - ring of see invisible
HPRegen 0.23/turn    (no ring)
MPRegen 0.09/turn

%: no passive effects
@: no status effects
A: no striking features
a: no special abilities


You were on level 3 of the Dungeon.
You visited 1 branch of the dungeon, and saw 3 of its levels.

You collected 89 gold pieces.


   Skills:
 - Level 1.5 Fighting
 + Level 7.3 Ranged Weapons
 - Level 2.4 Dodging
 - Level 1.2 Stealth


You had 2 spell levels left.
You didn't know any spells.
Your spell library was empty.

Inventory:

Hand Weapons
 k - a +0 arbalest (weapon)
Armour
 b - a +0 ring mail (worn)
 d - a +0 pair of gloves (worn)
Jewellery
 f - a ring of protection from fire
 i - a ring of see invisible (left hand)
Scrolls
 c - a scroll of silence {unknown}
Potions
 a - a potion of mutation
 e - a potion of might
 g - a potion of enlightenment {unknown}
 h - a potion of brilliance {unknown}
 j - a potion of haste {unknown}

Dungeon Overview and Level Annotations

Branches:
Dungeon (3/15)

Altars:

Annotations:
D:3 Natasha


Message History

You kill the hobgoblin!
Found a stone staircase leading down.
There is a stone staircase leading down here.
Found a stone staircase leading down.
There is a stone staircase leading down here.
Found an escape hatch in the floor.
f - a ring of protection from fire
There is an escape hatch in the floor here.
Natasha, Servant of Life and Death comes into view.
Natasha hisses angrily.
You shoot a bolt. The bolt closely misses Natasha.
Natasha stares at you and mumbles some strange words.
The magic dart hits you.
You shoot a bolt. The bolt misses Natasha.
Natasha mumbles some strange words.
You shoot a bolt. The bolt barely misses Natasha.
You shoot a bolt. The bolt completely misses Natasha.
Natasha stares at you and mumbles some strange words.
The magic dart hits you but does no damage.
The cerulean imp barely misses you.
You shoot a bolt. The bolt hits Natasha.
Natasha is moderately wounded.
Natasha barely misses you.
The cerulean imp hits you from afar with a +2 spear.
Natasha claws you but does no damage.
You shoot a bolt. The bolt barely misses Natasha.
The bolt closely misses the cerulean imp.
The cerulean imp hits you from afar with a +2 spear.
Natasha stares at you and mumbles some strange words.
The magic dart hits you. The cerulean imp closely misses you.
Natasha casts a spell at you. The magic dart hits you.
You shoot a bolt.
The bolt hits Natasha but does no damage.
Natasha is moderately wounded.
The cerulean imp hits you from afar with a +2 spear.
Natasha stares at you and mumbles some strange words.
The magic dart hits you.
You die...
Natasha curls up and begins to purr.

#######################
.....................>#
#......##.#########.#
#......##.# #.#
##..5h@.##.# #.#
........>...# #.#
......##....# #.#
..###.......# #.# .
###.....# ####.#
##....# ##....# #....#
##..#### +....####..##
#.....##..##


You could see Natasha and a cerulean imp (summoned).

Vanquished Creatures
  An adder (D:2)
  A dart slug (D:1)
  3 ribbon worms (D:2)
  4 endoplasms
  A giant cockroach (D:2)
  7 goblins (D:2)
  7 hobgoblins
  3 kobolds
  2 quokkas
  3 ball pythons
  2 bats
  4 frilled lizards
  3 rats
41 creatures vanquished.

Notes
Turn   | Place    | Note
-------+----------+-------------------------------------------
     0 | D:1      | qw the Deep Elf Hunter began the quest for the Orb.
     0 | D:1      | Reached XP level 1. HP: 12/12 MP: 3/3
     0 | D:1      | 0 ||| qw: Version: 0.3-a-155-g5e7d8dd
     0 | D:1      | 0 ||| qw: Game counter: 2607
     0 | D:1      | 0 ||| qw: Melee chars always use a shield: true
     0 | D:1      | 0 ||| qw: God list: Okawaru
     0 | D:1      | 0 ||| qw: Allow faded altars: false
     0 | D:1      | 0 ||| qw: Do Orc after clearing Dungeon:15 true
     0 | D:1      | 0 ||| qw: Do second Lair branch before Depths: true
     0 | D:1      | 0 ||| qw: Lair rune preference: random
     0 | D:1      | 0 ||| qw: Goals: Normal
     0 | D:1      | 0 ||| PLANNING D:1-11
   158 | D:1      | Reached skill level 6 in Ranged Weapons
   158 | D:1      | Reached XP level 2. HP: 12/16 MP: 4/4
   485 | D:1      | 485 ||| UPGRADING to +0 pair of gloves.
   490 | D:1      | 490 ||| READING scroll labelled EKKAOG TE MOT.
   490 | D:1      | 490 ||| IDENTIFYING purple potion
   491 | D:1      | 491 ||| READING 2 scrolls labelled REVIN MUGUGU.
   520 | D:1      | 520 ||| READING scroll labelled ALEUSSUC LEME.
   520 | D:1      | 520 ||| BRANDING +0 shortbow.
   521 | D:1      | 521 ||| DROPPING scroll of butterflies.
   522 | D:1      | 522 ||| DROPPING scroll of torment.
   682 | D:2      | Reached XP level 3. HP: 20/20 MP: 5/5
   742 | D:2      | 742 ||| FLEEEEING.
   762 | D:2      | Identified the +2 dagger of Greatest Utility {flame, Int+2}
   789 | D:2      | 789 ||| SWAPPING to +0 arbalest.
   790 | D:2      | 790 ||| DROPPING +0 shortbow of freezing.
   794 | D:2      | Reached skill level 7 in Ranged Weapons
   965 | D:2      | Found a faded altar of an unknown god.
  1002 | D:2      | 1002 ||| UPGRADING to +0 ring mail.
  1012 | D:2      | 1012 ||| DROPPING +0 leather armour.
  1013 | D:2      | 1013 ||| UPGRADING to ring of see invisible.
  1014 | D:2      | 1014 ||| READING scroll of identify.
  1014 | D:2      | 1014 ||| IDENTIFYING glowing amethyst potion
  1170 | D:3      | Noticed Natasha
  1176 | D:3      | HP: 5/20 [Natasha/magic dart (1)]
  1177 | D:3      | HP: 2/20 [cerulean imp/+2 spear[Natasha] (2)]
  1177 | D:3      | Killed from afar by Natasha

Levels and vault maps discovered:
D:1:      co_arrival_square_in_a_square_in_a_square, layout_rooms
D:2:      kennysheep_the_goblin_king, layout_rooms,
          dreamdust_ecumenical_altar_hidden_monk_grotto,
          minmay_misc_feat_pillars
D:3:      layout_basic, uniq_natasha

Skill      XL: |  1  2  3 |
---------------+----------+-----
Ranged Weapons | 6 7 |  7.3
Fighting       | |  1.5
Dodging        | |  2.4
Stealth        | |  1.2

Action                     || total
---------------------------++-------
   Fire: Shortbow          ||    71
         Arbalest          ||    22
    Use: Scroll            ||     4
 Armour: Leather armour    ||     8
         Ring mail         ||     9
  Dodge: Dodged            ||    15

Table legend:
 A = Non-vault XP
 B = Vault XP
 C = Vault XP percentage of total XP
 D = Non-vault monster count
 E = Vault monster count
 F = Vault count percentage of total count
                 A         B        C        D         E       F
            +---------+---------+-------+---------+---------+-------
      Total |      78 |      13 |  14.3 |      34 |       7 |  17.1
            +---------+---------+-------+---------+---------+-------
        D:1 |      21 |       0 |   0.0 |      11 |       0 |   0.0
        D:2 |      51 |      13 |  20.3 |      19 |       7 |  26.9
        D:3 |       6 |       0 |   0.0 |       4 |       0 |   0.0
            +---------+---------+-------+---------+---------+-------
